[Event "ROM-GER Kings"]
[Site "Medias"]
[Date "2015.10.31"]
[Round "2.3"]
[White "Marin, Mihail"]
[Black "Bluebaum, Matthias"]
[Result "1/2-1/2"]
[ECO "A11"]
[WhiteElo "2580"]
[BlackElo "2588"]
[Annotator "Bulmaga,I"]
[PlyCount "65"]
[EventDate "2015.10.30"]
[EventType "schev"]
[EventRounds "5"]
[EventCountry "ROU"]
[SourceTitle "CBM 169"]
[Source "ChessBase"]
[SourceDate "2015.11.10"]
[SourceVersion "1"]
[SourceVersionDate "2015.11.10"]
[SourceQuality "1"]
[WhiteTeam "Romania"]
[BlackTeam "Germany"]
[WhiteTeamCountry "ROU"]
[BlackTeamCountry "GER"]
[TimeControl "40/5400+30:1800+30"]

1. Nf3 d5 2. g3 g6 3. Bg2 Bg7 4. d4 c6 5. O-O Nf6 6. b3 a5 7. c4 O-O 8. Nc3 Ne4
9. Bb2 Nxc3 10. Bxc3 Bf5 11. e3 Be4 12. Qe2 Nd7 13. Rfc1 Nf6 14. Bf1 Bxf3 15.
Qxf3 Ne4 16. Be1 {[#]} e5 $6 {Ein sehr "jugendlicher" und konkreter Zug, mit
dem Schwarz die Stellung öffnen will. Da Weiß das Läuferpaar hat, ist er
jedoch vielleicht nicht allzu gut.} (16... e6 {war vermutlich vorsichtiger und
besser. Schwarz will ...f5 spielen, um die Struktur zu stabilisieren und
anschließend mit ...g5 einen Angriff am Königsflügel einzuleiten. Nach 16...
e6 gefällt mir die schwarze Stellung besser.} 17. cxd5 exd5 18. b4 axb4 19.
Bxb4 Re8 20. a4 {GM Marin meinte, diese Variante hätte er 1996 in Eriwan
schon einmal gespielt.}) 17. dxe5 Bxe5 18. Rab1 Qd6 19. Rc2 Qe6 20. Bg2 f5 21.
cxd5 Qxd5 22. Rd1 Qf7 (22... Qe6 $6 23. Qe2 a4 24. b4 $14) 23. Qe2 a4 {[#]} 24.
Qc4 $2 ({Besser war} 24. b4 $1 $16 {, um die Struktur zu stabilisieren. Danach
kann Weiß versuchen, f3 zu spielen und hat bessere Chancen auf Vorteil als in
der Partie.}) 24... axb3 25. axb3 Rfd8 $11 {Schwarz ist seinen schwachen
a-Bauern losgeworden und sollte problemlos Remis machen können.} 26. Rxd8+
Rxd8 27. Bxe4 fxe4 28. Qxe4 Qxb3 29. Qxe5 Qxc2 30. Qe6+ Kf8 31. Qf6+ Ke8 32.
Qe6+ Kf8 33. Qf6+ 1/2-1/2

[Event "Bundesliga 1011"]
[Site "Germany"]
[Date "2011.02.06"]
[Round "9.2"]
[White "Fressinet, Laurent"]
[Black "Spoelman, Wouter"]
[Result "1/2-1/2"]
[ECO "A11"]
[WhiteElo "2718"]
[BlackElo "2538"]
[Annotator "Meyer,CD"]
[PlyCount "82"]
[EventDate "2010.10.09"]
[EventType "team-tourn"]
[EventRounds "15"]
[EventCountry "GER"]
[SourceTitle "CBM 141"]
[Source "ChessBase"]
[SourceDate "2011.03.17"]
[SourceVersion "1"]
[SourceVersionDate "2011.03.17"]
[SourceQuality "1"]
[WhiteTeam "Werder Bremen"]
[BlackTeam "Emsdetten Turm"]
[WhiteTeamCountry "GER"]
[BlackTeamCountry "GER"]
[TimeControl "40/6000+30:20/3000+30:900+30"]

1. Nf3 d5 2. c4 c6 3. e3 Nf6 4. Nc3 e6 5. b3 Nbd7 6. Bb2 Bd6 7. Qc2 O-O 8. Be2
a6 9. Rg1 $6 {Im Gambit-Stil wurde auch schon sofortiges g4 versucht.
Jedenfalls ist dieses rabiate Vorgehen eine sehr spezielle, zweischneidige
Version der Réti- oder Zukertort-Nimzowitsch-Eröffnung".} ({Am populärsten und
solider ist} 9. d4 $142 {mit Übergang zum Damengambit/Anti-Meraner Variante 
(D45)} b5 $5) 9... b5 $1 (9... e5 10. g4 e4 11. g5 Ne8 (11... exf3 12. gxf6 g6
13. Bxf3 dxc4) 12. Nd4 Bxh2 $2 (12... Ne5 $13) 13. Rh1 Qxg5 14. cxd5 Qg2 $4 (
14... cxd5 15. O-O-O) 15. Qxe4 Qxe4 16. Nxe4 Be5 (16... cxd5 17. Ng5 h6 18.
Rxh2 hxg5 19. O-O-O $18 (19. Nf5)) 17. dxc6 bxc6 18. f4 Nef6 19. fxe5 (19. Bd3)
19... Nxe4 20. e6 (20. Nxc6) 20... fxe6 21. Nxe6 $18 Rf7 22. Nd8 Rf2 23. Bc4+
Kf8 24. Ne6+ Ke7 25. Ng5 Ndc5 26. Nxe4 Nxe4 27. Rh4 {- 1:0, Herraiz Hidalgo,H 
(2480) - Serrano Salvador,E (2352), Madrid 2010}) 10. g4 bxc4 $1 ({Öffnet die
b-Linie und hält den unrochierten König weiter in der Mitte. Dagegen ist} 10...
b4 $6 {m. E. relativ angenehmer für Weiß, z.B.} 11. g5 $5 (11. Na4) 11... Ne8 (
11... bxc3 12. gxf6 cxd2+ 13. Qxd2 $13 {Plan 0-0-0->}) 12. Na4 Qe7 13. h4 Bb7
14. h5 c5 15. cxd5 Bxd5 16. O-O-O Ra7 17. Kb1 Nc7 18. e4 Bc6 19. e5 Nd5 20.
exd6 Qxd6 21. Bd3 g6 22. Be4 {- 1:0, Gurevich,M (2633) - Kallai,G (2555),
Germany 2002}) 11. bxc4 Rb8 12. g5 (12. Rb1 e5 $5 13. cxd5 Nxd5 (13... cxd5 $5
14. g5 Ne4 15. Nxd5 (15. Nxe4 dxe4 16. Qxe4 Nc5 17. Qc2 Qb6 $44) 15... Ndc5 $1
$44 16. d4 $2 exd4 17. exd4 Bf5 18. dxc5 (18. Ba3 Qa5+ 19. Bb4 Rxb4 20. Nxb4
Ne6 $19) 18... Qa5+ 19. Nd2 Bxc5 20. Rf1 Nxd2 21. Qxd2 Qxa2 $19) 14. Ne4 Nb4
15. Qa4 Re8 (15... Qe7 $142 $13) 16. a3 Nb6 17. Qb3 N4d5 18. Qc2 Qd7 $6 19. h4
Qc7 $6 20. Nfg5 $16 Be7 21. Nxh7 Nd7 22. g5 Rd8 23. h5 $18 Qb7 24. Nhf6+ N7xf6
25. gxf6 Nxf6 26. h6 Ne8 27. hxg7 Bf5 28. Bc4 Rd5 29. Bxd5 {- 1:0, Hall,C -
Ferrero,M, IECC email 2003}) 12... Ne4 $1 $36 {Schwarz ergreift sofort die
Initiative.} 13. Nd4 (13. Rb1 Nxc3 14. Bxc3 (14. Qxc3 $143 e5) 14... Rxb1+ 15.
Qxb1 e5 16. h4 (16. Qb2 Re8 $15) 16... Re8 17. h5 Nc5 $15) 13... Qc7 14. Nxe4
$2 ({Nach einem Auftakt "mit der Brechstange" muß Weiß bereits schwer um den
Ausgleich kämpfen. Folgende Alternativen kamen eher in Betracht: I} 14. h4 Nxc3
15. Bxc3 (15. Qxc3 $143 c5 $1 16. Nf3 (16. Nxe6 $2 d4) 16... e5 $5 17. cxd5 Nb6
) 15... c5 16. Nb3 (16. Nf3 Ne5 $15) 16... Bb7 $15) ({II} 14. f4 Nxc3 15. Qxc3
e5 16. Nf5 Bb4 17. Qc2 d4 18. exd4 exf4 $15) ({III} 14. cxd5 $5 cxd5 15. Rc1 (
15. Nxe4 Qxc2 16. Nxc2 dxe4 17. Ba3 Bxa3 18. Nxa3 Bb7 $15) 15... Qb7 (15...
Bxh2 $6 16. Rg4) (15... Nec5 16. f4 Bb7 (16... Qb6 17. Ba3) 17. Ncb5 axb5 18.
Nxb5 Qb6 19. Nxd6 Qxd6 20. Ba3 Rfc8 21. d4 Ra8 22. dxc5 Qc7 $13 {/=}) 16. Ba1
Ndc5 17. Rb1 Qc7 18. Rxb8 Qxb8 $15) 14... dxe4 15. Bc3 (15. Nb3 Be5 16. Bxe5
Qxe5 17. O-O-O c5 18. h4 a5 19. d4 cxd4 20. Nxd4 Qc5 $17) 15... c5 $17 16. Nb3
Bb7 17. h4 Ne5 18. h5 f5 19. gxf6 Rxf6 20. Qb2 Rf5 21. Rg2 $2 ({Büßt schlicht
seinen Bauern h5 ein. Andere Versuche, z.B.: I} 21. Rb1 Bc6 22. Qc2 Bf8 23.
Bxe5 (23. h6 Nd3+ $1 24. Bxd3 (24. Kd1 Qh2 25. Rf1 Qg2 $19) 24... Qh2 25. Rf1
exd3 26. Qxd3 Bg2 $19) 23... Qxe5 $17) ({II} 21. O-O-O Rbf8 (21... Rxf2 $2 22.
Rg5 Rf5 23. Rdg1) 22. Rdf1 R8f7 $17) 21... Rbf8 $6 ({Nichts sprach gegen das
simple} 21... Rxh5 $142 22. O-O-O Rf5 $19) 22. Qa3 {(?)} ({Hätte der
französische Großmeister geahnt, was ihn erwartet, hätte er eher} 22. Na5 {
versucht (} Ba8 23. Qa3 $17 {).}) 22... Nd3+ $3 {Eine feine, weit berechnete
Kombination mit Damenopfer, an derem Ende der weiße König im Mattnetz zappelt!}
(22... Qe7 $143 $17) 23. Bxd3 (23. Kd1 e5 24. h6 g6 {und Schwarz holt bei
passender Gelegenheit den Bauern f2 ab (-+).}) 23... exd3 24. Rxg7+ (24. Rg1
Bf3 $1 (24... Rxf2 $5 25. O-O-O e5) 25. Nc1 Bxh5 26. Nxd3 Rxf2 27. Nxf2 Bg3 $19
{nebst Mattsetzung}) 24... Qxg7 25. Bxg7 Bf3 $1 ({Die Pointe: Die weißen
Felderschwächen können nun weidlich ausgebeutet werden (/\Txh5-h1#). Jedoch
bloß nicht} 25... Kxg7 $4 26. O-O-O) 26. Nd4 $8 {Was sonst?} cxd4 $1 (26...
Rxh5 $2 27. Qxd3) 27. Qxd6 (27. Qxd3 Kxg7 $19) 27... Kxg7 28. h6+ (28. Qxd4+
Kg8 29. Qxd3 Rxh5 30. Qf1 Rh1 31. Qxh1 Bxh1 $19) 28... Kxh6 29. e4 Rf4 30. Rb1
({Oder} 30. Qxe6+ R8f6 31. Qh3+ Kg7 32. Kf1 (32. Rb1 Rxe4+ 33. Kf1 Be2+ 34. Kg2
Rg4+ $19) 32... Rg4 33. Qh2 Rff4 34. Rb1 Rh4 $19) 30... Rxe4+ $6 ({Kurzen
Prozeß hätte} 30... R8f6 $142 $19 {gemacht:} 31. Kf1 (31. Qe7 Rg6) (31. Qe5
Rxe4+) 31... Rh4 {. Nun jedoch wird es richtig kompliziert. Zudem verliert der
20-jährige holländische Großmeister Wouter Spoelman - auch vermutlich infolge
Zeitnot - den Faden und bringt sich nach glänzender Spielführung um den
verdienten Lohn ...}) 31. Kf1 Be2+ $6 (31... Rf5 $142 32. Rb7 Be2+ 33. Ke1 Bg4+
34. Kf1 Bh3+ 35. Kg1 Rg5+ 36. Kh2 Bf5 37. Qf8+ Kh5 38. Qf7+ ({Weit ins
feindliche Lager wandert der schwarze Monarch nach} 38. Qe8+ Kg4 {/\Kf3} 39.
Qe7 h6 $19 40. Rb1 Kf3 41. Qb7 Kxf2) 38... Rg6 $1 39. Qxh7+ Rh6 40. Qg7 Rh4+
41. Kg3 Rg6+ $19) 32. Kg2 Rg8+ $2 (32... Rg4+ $142 33. Kh3 Rf6 $1 {mit der
tödlichen Drohung Tg4-g5-h5+ etc., und nun z.B. (für die beharrlichen
Schachfreunde):} (33... Rxf2 $6 34. Qe5 $5 (34. Qxe6+ Rg6 35. Qe4 Bg4+ 36. Qxg4
Rxg4 37. Kxg4 Rxd2 $19)) 34. f3 (34. Qe7 Rfg6 35. Kh2 {/\Rb7!} Kh5 36. Qxh7+
Rh6 $19) 34... Bxf3 35. Rf1 (35. Qe7 Rff4 {/\Rg6 plus Rff5} 36. Qd6 Bg2+ 37.
Kh2 Rf2 38. Kg1 (38. Qxe6+ Rg6 39. Qe1 Rf5 $19) 38... Rf6 39. Kh2 (39. Qh2+ Kg6
40. Qe5 (40. Qxg2 Rxg2+ 41. Kxg2 e5 $19) 40... Be4+ 41. Kh2 Rf2+ 42. Kh3 Bf5
$19) 39... Be4 40. Qxd4 Rfg6 41. Qe3+ Kh5 $19) (35. Kh2 Rfg6 $19) (35. Rb3 Kh5
36. Qc5+ Rf5 37. Qe7 h6 38. Qe8+ (38. Rxd3 Bg2+ 39. Kh2 Rfg5 40. Qe8+ Rg6 41.
Ra3 Rh4+ 42. Kg1 Bc6+ $19) 38... Rg6 39. Rxd3 Rf4 40. Qe7 Bg2+ 41. Kh2 Rh4+ $19
) (35. Re1 Be2 36. Qe7 (36. Qe5 Rgf4 {/\Rf4-f5-+}) 36... Rgf4 (36... Rfg6) 37.
Rg1 (37. c5 Rg6 38. c6 Rf5 $19) 37... Bf1+ 38. Kh2 Rh4+ 39. Kg3 Rh3+ 40. Kg4
Rg6+ 41. Kf4 Rxg1 42. Qxe6+ Rg6 $19) 35... Rgg6 {drohend Rf5 und Bg2+} 36. Kh2
Rf5 37. Rxf3 Rxf3 38. Qxd4 Rf5 39. Qe3+ Kg7 40. Qd4+ Kg8 41. Qd8+ (41. Qh4 Rfg5
{/\Kg7 plus Rh6}) 41... Kf7 42. Qd7+ Kf6 43. Qd4+ Ke7 44. Qa7+ (44. Qh4+ Rfg5
$19) 44... Kf8 45. Qxh7 (45. Qb8+ Kg7 46. Qa7+ Kh8 47. Qb8+ (47. Qd4+ e5 $19)
47... Rg8 $19) 45... Rfg5 $19) 33. Kh3 Bg4+ (33... Bf3 {wird elegant mit} 34.
Rg1 $8 Rxg1 35. Qf8+ Rg7 36. Qxf3 {pariert:} Reg4 $13 {/=} (36... Rgg4 $13 {/=}
)) 34. Kh2 $2 ({Kurz vor der Zeitkontrolle liegen bei beiden Akteuren die
Nerven blank.} 34. Kg3 $142 Bf5+ 35. Kf3 Rh4 36. Re1 $1 $13 {/=} Kh5 (36...
Rgg4 37. Qf8+) 37. Qd7) 34... Bf5 $19 35. Qe7 Rf4 $2 ({Der letzte Fehler in
einem dramatischen Gefecht. Dagegen gewann} 35... Rg5 $142 {, z.B.} 36. Qf6+
Rg6 37. Qe7 Kh5 38. Qxh7+ Rh6 39. Qg7 Rh4+ 40. Kg3 Rg6+ $19) 36. f3 $8 $11 {
Glücklich ergreift Fressinet den Rettungsanker und} (36. Z0 {kontrolliert das
vitale Feld g4. Es drohte nämlich} Rg5 37. Qf6+ Kh5 38. Qf7+ Rg6 39. Qxh7+ Rh6
40. Qf7+ (40. Qg7 Rg4) 40... Kg5+ 41. Kg1 Rg4+ 42. Kf1 Rh1#) 36... Rg7 ({I Oder
} 36... Rg5 37. Qf6+ Kh5 (37... Rg6 38. Qe7 Rg5 39. Qf6+ $11) 38. Qf7+ Kh6 (
38... Rg6 $2 39. Qxh7+ Rh6 40. Qc7 $1 Rxf3 41. Rg1 Rh3+ 42. Kg2 Rg6+ 43. Kf2)
39. Qf6+ $11) ({II Freilich nicht} 36... Rxf3 $4 {wegen} 37. Qh4+ Kg6 (37...
Kg7 38. Rb7+ $18) 38. Rg1+ $18) 37. Qd8 Rg5 38. Qf8+ Kh5 39. Qf7+ Kh6 40. Qf8+
Kh5 41. Qf7+ Kh6 {- eine irre Partie !} 1/2-1/2

[Event "EU-ch 12th"]
[Site "Aix les Bains"]
[Date "2011.03.27"]
[Round "6"]
[White "Romanov, Evgeny"]
[Black "Vallejo Pons, Francisco"]
[Result "0-1"]
[ECO "A11"]
[WhiteElo "2624"]
[BlackElo "2707"]
[Annotator "Mullon,JB/Primel,D"]
[PlyCount "74"]
[EventDate "2011.03.22"]
[EventType "swiss"]
[EventRounds "11"]
[EventCountry "FRA"]
[SourceTitle "CBM 142 Extra"]
[Source "ChessBase"]
[SourceDate "2011.06.27"]
[SourceVersion "1"]
[SourceVersionDate "2011.06.27"]
[SourceQuality "1"]
[TimeControl "40/5400+30:1800+30"]

1. c4 c6 2. Nf3 d5 3. e3 Nf6 4. Nc3 e6 (4... a6 5. Qc2 Bg4 (5... b5 6. b3 e6 7.
d4 Nbd7 8. Be2 Be7 9. O-O O-O 10. Bb2 Bb7 11. c5 b4 12. Na4 a5 13. a3 $14) (
5... g6 6. d4 Bg7 (6... Bf5 7. Qb3 Ra7 $13)) 6. Ne5 Be6 7. d4 Nbd7 8. Nd3 {
Ivanchuk,V (2703)-Postny,E (2647) GRE-chT 37th 2009 (3) 1-0} (8. Be2 $142 {
Delchev})) 5. Qc2 {Une ligne secondaire} (5. d4 Nbd7 6. Bd3) (5. b3 Nbd7 6. Qc2
Bd6) 5... Bd6 (5... a6 6. b3 Nbd7 7. Bb2 Bd6 8. Rg1 {[%cal Gg2g4,Gg4g5] Une
idée interessante du théoricien A.HAUCHARD} e5 9. g4 $36 {Hauchard,A (2450)
-Relange,E (2365) FRA-ch Nantes 1993 (4) 1/2}) 6. b3 (6. d4 {Retombe sur les
grandes lignes de la semi-slave}) 6... O-O 7. Bb2 c5 $5 {Malgré la perte de
temps, les Noirs ont une position solide dans cette ligne secondaire} (7...
Nbd7 8. Be2 (8. h3 Qe7 9. g4 $5 a6)) (7... Qe7 8. Be2 Nbd7 9. d4) (7... e5 $5
8. cxd5 cxd5 9. Nb5 Nc6 10. Nxd6 Qxd6 $132 {[%csl Gd5,Ge5];Semcesen,D (2420)
-Hector,J (2584) SWE-ch Lund 2010 (1) 1/2}) 8. cxd5 (8. g4 $1 {Une idée trés
moderne} Nxg4 9. cxd5 Ne5 10. Bg2 exd5 11. Nxe5 Bxe5 12. Bxd5 $14 {[%emt 0:33:
28] Heberla,B (2510)-Jaracz,P (2501)/Lubawka op 3rd (5)/1/2-1/2}) 8... exd5 {74
} 9. Ng5 g6 {52} 10. h4 $5 {Profitant du fait
que les Blancs ont retardé le roque} Nc6 $1 11. Bd3 Nb4 $132 {Eliminant une
pièce importante d'attaque qui soulage la pression sur "h7"} 12. Qb1 Nxd3+ {46}
13. Qxd3 Bf5 {45} 14. Nxd5 {Les Blancs sont quasiment forcés de sacrifier la Q
car tout repli de la Q donnerait un net avantage aux Noirs mais les
compensations sont assez légères.} Bxd3 15. Nxf6+ Kh8 {43} 16. h5 {JB Mullon:
A bit too much, unfortunately for romantic games amateurs [Better was 16.
Nfxh7+f6 only move 17.Nxf6 Qxf6!! With this move, Black can hold that game.
Maybe Romanov missed this defense when he went into this variation (17... Rxf6
18.Nf7+Kg7 19.Nxd8 Rxd8 should be much better for white) 18.Bxf6+ Rxf6 19. f4
Kg7-/+.} (16. Nfxh7+ $8) 16... Be7 $19 17. Nfxh7+ Kg8 {28} 18. hxg6 Bxg6 19.
Nxf8 Bf6 20. Nxg6 Bxb2 21. Nxf7 Kxf7 22. Rb1 Qd3 {10} 23. Rxb2 Qxg6 24. g3 Qg7
25. Rb1 Rh8 26. Ke2 b6 27. a4 Ke6 28. Rxh8 Qxh8 29. Rc1 Qh5+ 30. f3 Qh2+ 31.
Kd3 Qxg3 32. f4 Qg6+ 33. Kc3 Qe4 34. Rc2 Kf5 35. Kb2 Qd3 36. a5 Kg4 37. axb6
axb6 0-1

[Event "Sautron op 15th"]
[Site "Sautron"]
[Date "2015.10.24"]
[Round "6.2"]
[White "Le Roux, Jean Pierre"]
[Black "Stany, George Anthony"]
[Result "1/2-1/2"]
[ECO "A11"]
[WhiteElo "2572"]
[BlackElo "2385"]
[Annotator "Stany,GA"]
[PlyCount "151"]
[EventDate "2015.10.24"]
[EventType "swiss"]
[EventRounds "9"]
[EventCountry "FRA"]
[SourceTitle "CBM 169 Extra"]
[Source "ChessBase"]
[SourceDate "2015.12.18"]
[SourceVersion "1"]
[SourceVersionDate "2015.12.18"]
[SourceQuality "1"]
[TimeControl "40/5400+30:1800+30"]

1. Nf3 Nf6 2. g3 g6 3. b3 Bg7 4. Bb2 O-O 5. Bg2 d5 6. c4 c6 7. O-O a5 8. Nc3
Ne4 (8... Na6 9. cxd5 cxd5 10. Rc1 Bg4 11. Ne5 Bf5 12. d3 Rc8 13. Qd2 Nb4 14.
a3 Nc6 15. Na4 Nxe5 16. Bxe5 b5 17. Rxc8 Bxc8 18. Nc5 Qb6 19. b4 axb4 20. axb4
e6 21. Qc3 Ne8 22. Ra1 Bxe5 23. Qxe5 Nd6 24. Ra8 Qc6 25. Ra7 Qb6 26. Ra2 Nb7
27. Qc3 Nxc5 28. bxc5 Qc6 29. d4 Bd7 30. e3 Ra8 31. Rxa8+ Qxa8 32. Bf1 Bc6 33.
Bd3 Qa4 34. Bc2 Qc4 35. Qb2 b4 36. Bb3 Qd3 37. Qc2 Qxc2 38. Bxc2 {Khismatullin,
D (2651)-Safarli,E (2657) Berlin 2015 0-1 (70)}) 9. Na4 Nd7 $146 (9... Bxb2 10.
Nxb2 Na6 11. d3 Nf6 12. d4 Bf5 13. Ne5 Qd6 14. e3 Rad8 15. Qe2 Be4 16. f3 Bf5
17. g4 Bc8 18. f4 Nd7 19. c5 {1/2-1/2 (19) Prusikin,M (2557)-Caruana,F (2690)
Switzerland 2011}) 10. Bxg7 Kxg7 11. Qc2 b5 12. Nc3 Nxc3 13. Qxc3+ Nf6 14. Ne5
Bb7 15. cxb5 cxb5 16. Qc5 b4 17. Rfc1 Ne4 18. Qc7 Ba6 19. Qxd8 Rfxd8 20. Nc6
Rd7 21. Nxa5 Bxe2 22. Nc6 e6 23. f3 Nxd2 24. Kf2 Bb5 25. Nd4 Rda7 26. Nxb5 Rxa2
27. Rxa2 Rxa2 28. Ke3 Nxb3 29. Rb1 Nd2 30. Rxb4 Nc4+ 31. Rxc4 dxc4 32. Bf1 Rxh2
33. Bxc4 {Here's the position from my game against Le Roux who was the top
seed of Sautron Open. After the next few moves I was completely winning but
missed the chance and after a long game it ended in a draw.} h5 34. f4 h4 35.
gxh4 Rh3+ $1 36. Ke4 Rxh4 37. Nd4 g5 38. Ne2 gxf4 39. Nxf4 {Now its Black to
play and win} Kf6 $6 (39... Kh6 $1 40. Ke5 (40. Ke3 e5 41. Bxf7 Rxf4) (40. Bxe6
Kg5 41. Bxf7 Rxf4+) 40... f6+ {I missed f6} 41. Kxf6 (41. Ke4 e5) 41... Rxf4+)
40. Ke3 e5 (40... Kg5 41. Nxe6+ fxe6 42. Bxe6) 41. Nd5+ Kg5 42. Be2 f5 43. Nc3
Rb4 44. Bd1 Rc4 45. Ne2 Re4+ 46. Kf3 Rh4 47. Bc2 Rh3+ 48. Kf2 Ra3 49. Bb1 e4
50. Bc2 Kf6 51. Nd4 Ke5 52. Nc6+ Kd5 (52... Kd6 53. Nd4 Kd5 $1 {was right} 54.
Nxf5 Rf3+) 53. Ne7+ Ke6 54. Nc6 Rc3 $6 {The bishop escapes now and becomes
more active} 55. Ba4 f4 56. Nd4+ Ke5 57. Ne2 Ra3 58. Bc6 Ra2 (58... Rh3 59. Ba8
Rh2+ 60. Ke1) 59. Ke1 {I think this position is draw but I am not 100% sure.}
Rb2 (59... f3 60. Ng3 e3 (60... f2+ 61. Kf1 e3 62. Kg2) 61. Bxf3 Kf4 62. Bd5)
60. Ba8 f3 61. Nc3 f2+ 62. Kf1 e3 63. Bf3 Kf4 64. Be2 Rb3 65. Nd1 Kg3 66. Bh5
Rb5 (66... Rd3 67. Be2) 67. Be2 Re5 68. Bd3 Re8 69. Ke2 Kf4 70. Nxf2 exf2+ 71.
Kxf2 Ra8 72. Ke2 Ra2+ 73. Kd1 Ke3 74. Bg6 Ra1+ 75. Kc2 Ra2+ 76. Kd1 1/2-1/2